 Dungeon Crawl Stone Soup version 0.24.0-10-g970556be89 (webtiles) character file.

Game seed: 6546593100691297433, levelgen mode: deterministic

61761 opiumtea the Thaumaturge (level 15, -2/108 HPs)
             Began as an Octopode Wizard on Nov 3, 2019.
             Was a High Priest of Ashenzari.
             Slain by a cyan ugly thing (14 damage)
             ... on level 14 of the Dungeon.
             The game lasted 02:35:49 (44035 turns).

opiumtea the Thaumaturge (Octopode Wizard)         Turns: 44035, Time: 02:35:49

Health: -2/108     AC:  1    Str: 11    XL:     15   Next: 4%
Magic:  21/31      EV: 19    Int: 26    God:    Ashenzari [*****.]
Gold:   1345       SH: 10    Dex: 11    Spells: 7/38 levels left

rFire    . . .     SeeInvis +   b - +2 long sword (protect)
rCold    + . .     Gourm    .   O - +3 buckler (curse)
rNeg     . . .     Faith    .   I - +0 mask of the Dragon {MR+ Slay+3 SInv} (curse)
rPois    +         Spirit   .   (no amulet)
rElec    .         Reflect  .   i - ring of see invisible (curse)
rCorr    .         Harm     .   j - ring of protection from cold
MR       ++++.     Clarity  +   q - +4 ring of strength (curse)
Stlth    ++++++....             D - ring of protection from magic (curse)
HPRegen  0.28/turn              E - ring of poison resistance (curse)
MPRegen  0.22/turn              L - ring of wizardry (curse)
                                S - ring of protection from magic
                                (no ring)

@: no status effects
A: almost no armour, stealthy swim, amphibious, 8 rings, constrict 8, camouflage
1, gelatinous body 1
a: Curse Item, Scrying, Transfer Knowledge, Renounce Religion


You were on level 14 of the Dungeon.
You worshipped Ashenzari.
Ashenzari was extremely pleased with you.
You were very hungry.

You visited 3 branches of the dungeon, and saw 21 of its levels.
You also visited: Ossuary and Bailey.

You collected 1363 gold pieces.
You spent 18 gold pieces at shops.

Inventory:

Hand Weapons
 b - a +2 long sword of protection (weapon)
Missiles
 F - 72 boomerangs (quivered)
Armour
 t - a +0 hat
 B - a +0 buckler
 I - the cursed +0 mask of the Dragon (worn) {MR+ Slay+3 SInv}
   (You acquired it on level 13 of the Dungeon)

   It affects your accuracy and damage with ranged weapons and melee attacks
   (+3).
   It affects your resistance to hostile enchantments.
   It lets you see invisible.
   It has a curse placed upon it.
 O - a cursed +3 buckler (worn)
Magical Staves
 a - an uncursed staff of conjuration
 m - an uncursed staff of cold
Jewellery
 i - a cursed ring of see invisible (left tentacle)
 j - a ring of protection from cold (right tentacle)
 q - a cursed +4 ring of strength (on tentacle)
 D - a cursed ring of protection from magic (on tentacle)
 E - a cursed ring of poison resistance (on tentacle)
 L - a cursed ring of wizardry (on tentacle)
 S - a ring of protection from magic (on tentacle)
Wands
 y - a wand of paralysis (7)
 z - a wand of polymorph (14)
 N - a wand of iceblast (4)
 Q - a wand of digging (5)
 T - a wand of acid (12)
 Z - a wand of flame (12)
Scrolls
 d - a scroll of enchant weapon {unknown}
 e - 6 scrolls of teleportation
 h - a scroll of amnesia
 k - 4 scrolls of enchant armour
 p - 4 scrolls of remove curse
 r - a scroll of fear {unknown}
 w - a scroll of vulnerability
 C - 2 scrolls of magic mapping
 H - a scroll of brand weapon {unknown}
 J - 5 scrolls of blinking
 K - 2 scrolls of immolation
 U - a scroll of summoning {unknown}
 X - a scroll of silence {unknown}
 Y - a scroll of random uselessness {unknown}
Potions
 f - 7 potions of haste
 g - 4 potions of flight
 l - 6 potions of might
 n - 5 potions of heal wounds
 o - 4 potions of resistance
 s - 5 potions of curing
 u - 4 potions of mutation
 v - 2 potions of ambrosia
 x - 4 potions of cancellation
 A - 2 potions of berserk rage
 G - 4 potions of brilliance
 M - 3 potions of agility
Miscellaneous
 R - a crystal ball of energy
Comestibles
 c - 20 rations


   Skills:
 - Level 11.6 Fighting
 - Level 7.1(11.1) Dodging
 - Level 9.2(13.1) Stealth
 - Level 9.8(12.3) Shields
 + Level 12.1 Spellcasting
 - Level 10.2(12.6) Conjurations
 - Level 4.0(6.5) Hexes
 - Level 6.6(9.3) Charms
 - Level 2.8(5.0) Summonings
 - Level 2.7(5.0) Translocations
 - Level 5.1(7.7) Fire Magic
 * Level 4.1(6.6) Earth Magic
 - Level 3.0(5.2) Poison Magic
 - Level 1.0(2.5) Evocations


You had 7 spell levels left.
You knew the following spells:

 Your Spells              Type           Power        Failure   Level  Hunger
a - Magic Dart            Conj           ####         0%          1    None
b - Conjure Flame         Conj/Fire      ######..     1%          3    None
c - Call Imp              Summ           #####...     1%          2    None
d - Blink                 Tloc           N/A          1%          2    None
e - Slow                  Hex            #####...     1%          2    None
f - Mephitic Cloud        Conj/Pois/Air  #####...     1%          3    None
g - Iskenderun's Battles  Conj/Chrm      ######..     1%          5    ###....
h - Orb of Destruction    Conj           ######....   7%          7    ######.
i - Iron Shot             Conj/Erth      ######....   4%          6    #####..

Your spell library contained the following spells:

 Spells                   Type           Power        Failure   Level  Hunger
 Bolt of Magma            Conj/Fire/Erth ######....   1%          5    ###....
 Venom Bolt               Conj/Pois      ######....   1%          5    ###....
 Spellforged Servitor     Conj/Summ      ######....   32%         7    ######.


Dungeon Overview and Level Annotations

Branches:
Dungeon (14/15)            Temple (1/1) D:5            Lair (6/6) D:8
  Snake (0/4) Lair:2        Slime (0/5) Lair:5          Orc (0/2) D:12
 Vaults (0/5) D:13        Ossuary (visited)          Bailey (visited)
  Swamp: Lair:2-4    Shoals: Lair:2-4

Altars:
Ashenzari
Cheibriados
Dithmenos
Elyvilon
Fedhas
Gozag
Hepliaklqana
Kikubaaqudgha
Makhleb
Ru
Trog
Uskayaw
Wu Jian
Xom
Yredelemnul
Zin
The Shining One

Shops:
D:4 *   D:9 [

Portals:
Trove: D:11 (give +4 demon trident)
Ice
Cave: D:14

Annotations:
D:4 1 runed translucent door, tonywhite87's ghost, amateur GrFi
Lair:5 exclusion: oklob plant


Innate Abilities, Weirdness & Mutations

You cannot wear most types of armour.
You are very stealthy in the water. (Stealth+)
You are amphibious.
You can wear up to eight rings at the same time.
You can use your tentacles to constrict eight enemies at once.
Your skin changes colour to match your surroundings (Stealth+).
Your rubbery body absorbs attacks. (AC +1, EV +1)


Message History

The barrage of energy hits the cyan ugly thing!
The cyan ugly thing is severely wounded.
The cyan ugly thing stings you! The cyan ugly thing shocks you!
* * * LOW HITPOINT WARNING * * *
The wyvern skeleton bites you!
* * * LOW HITPOINT WARNING * * *
Casting: Magic Dart (safe; 0% risk of failure)
Confirm with . or Enter, or press ? or * to list all spells.
Aiming: Magic Dart (safe; 0% risk of failure)
Press: ? - help, Shift-Dir - straight line, f/p - cyan ugly thing
Aim: a cyan ugly thing (severely wounded)
The magic dart hits the cyan ugly thing but does no damage.
The cyan ugly thing is severely wounded.
Your battlesphere fires!
The barrage of energy hits the cyan ugly thing!!
The cyan ugly thing is almost dead.
The cyan ugly thing stings you!
* * * LOW HITPOINT WARNING * * *
The cyan ugly thing shocks you!
You die...

, , ...........###### *
,, * #####...........#
** , , ,, ,
,,,#............ ,,,, *,
,, , , #............,, ,
, .. ,, ,,,#............
, ...+ , , #............
, , ...#, #<...........
, ...##### #...uZ.......
, .......#,
#....@....(.. ,, ,,
.......#####............
,, ,,
.................*.####.
,,,,
.................### ,,
* * .................#
,* , .................#
*, * ,
.................# *, *
,, .................# *
,*, , .................#
* , *


You could see a cyan ugly thing, a wyvern skeleton and a friendly battlesphere.

Vanquished Creatures
  A dire elephant (Lair:6)
  Harold (D:7)
  4 hydras
  Erolcha (D:12)
  A catoblepas (D:13)
  2 centaur warriors
  A merfolk avatar (Lair:6)
  A death knight (D:13)
  5 two-headed ogres
  A tengu warrior (D:11)
  3 unseen horrors
  2 wizards
  An orc knight (Bailey)
  3 harpies (Lair:6)
  A necromancer (D:13)
  A cyclops (D:11)
  A deep elf mage (D:13)
  4 ugly things
  2 manticores
  5 black mambas
  2 centaur zombies
  An elephant (Lair:6)
  Psyche (D:8)
  13 spiny frogs
  8 komodo dragons
  2 rime drakes (Lair:6)
  4 polar bears (Lair:6)
  2 trolls
  4 hornets
  2 bog bodies (Lair:3)
  14 blink frogs
  6 dream sheep
  10 hippogriffs
  A shadow (D:12)
  7 wyverns
  42 yaks
  A vampire (D:14)
  Eustachio (D:6)
  A human (D:7)
  3 hogs (D:7)
  A basilisk (Lair:4)
  3 wargs (D:12)
  A hungry ghost (D:9)
  A swamp worm (shapeshifter) (D:12)
  A swamp worm (Lair:3)
  4 nagas (Lair:2)
  An acid dragon (D:12)
  A soldier ant (D:11)
  11 water moccasins
  10 porcupines
  A hornet zombie (D:13)
  9 orc warriors
  4 sky beasts
  A phantom (D:5)
  An eye of draining (D:9)
  3 necrophages
  A black bear (Lair:1)
  3 ice beasts
  9 ogres
  4 centaurs
  9 wolves
  10 crocodiles
  A big kobold (D:8)
  14 bullfrogs
  A water moccasin zombie (Ossuary)
  4 killer bees (D:8)
  4 scorpions
  6 wights
  2 howler monkeys
  3 electric eels
  6 crimson imps
  11 hounds
  6 jellies
  2 centaur skeletons
  5 orc priests
  10 orc wizards
  3 bullfrog skeletons
  6 iguanas
  12 worker ants
  A big kobold zombie (Ossuary)
  A hound zombie (D:8)
  3 hound skeletons
  2 mummies (Ossuary)
  2 worker ant zombies
  15 gnolls
  16 adders
  A river rat (D:3)
  3 shadow imps
  5 oozes
  7 adder zombies
  6 worms
  2 dart slugs
  4 leopard geckos
  44 orcs
  2 ball pythons (D:1)
  5 giant cockroaches
  A gnoll zombie (Ossuary)
  7 goblins
  21 hobgoblins
  8 jackals
  9 quokkas
  9 bats
  3 frilled lizards
  4 hobgoblin zombies (Ossuary)
  2 jackal skeletons (D:5)
  21 kobolds
  3 kobold zombies (Ossuary)
  3 orc zombies (Ossuary)
  A quokka zombie (D:9)
  12 rats
  A bush (Lair:6)
  A fungus (Lair:6)
  2 plants
578 creatures vanquished.

Vanquished Creatures (collateral kills)
  A hornet (D:7)
  An ogre (D:4)
  A big kobold (D:6)
  A water moccasin zombie (Ossuary)
  A scorpion (D:4)
  3 orc wizards
  A worker ant (D:4)
  A big kobold zombie (Ossuary)
  3 adders
  A gnoll (D:5)
  A worm (D:2)
  2 orcs
  2 bats (D:2)
  2 gnoll zombies (Ossuary)
  A hobgoblin (D:2)
  A goblin (D:2)
  A hobgoblin zombie (Ossuary)
  3 kobolds
  An orc zombie (Ossuary)
  A rat (D:2)
29 creatures vanquished.

Vanquished Creatures (others)
  Urug (Lair:5)
  A hippogriff (D:12)
  6 fungi
  17 plants
25 creatures vanquished.

Grand Total: 632 creatures vanquished

Notes
Turn   | Place    | Note
-------+----------+-------------------------------------------
     0 | D:1      | opiumtea the Octopode Wizard began the quest for the Orb.
     0 | D:1      | Reached XP level 1. HP: 11/11 MP: 4/4
   340 | D:1      | Reached XP level 2. HP: 11/17 MP: 0/6
  1125 | D:1      | Reached XP level 3. HP: 21/21 MP: 5/8
  1130 | D:1      | Learned a level 3 spell: Conjure Flame
  1470 | D:2      | Learned a level 2 spell: Call Imp
  1473 | D:2      | Learned a level 2 spell: Blink
  1809 | D:2      | Reached skill level 1 in Fire Magic
  2197 | D:2      | Reached XP level 4. HP: 20/27 MP: 0/9
  4141 | D:3      | Reached XP level 5. HP: 30/31 MP: 6/10
  5347 | D:4      | Found a sand-covered staircase.
  5352 | Ossuary  | Entered an ossuary
  5548 | Ossuary  | Reached skill level 4 in Spellcasting
  5952 | Ossuary  | Learned a level 2 spell: Slow
  6312 | Ossuary  | Reached XP level 6. HP: 21/36 MP: 4/12
  7304 | D:4      | Found Wiulih's General Store.
  7321 | D:4      | Found a runed translucent door.
  7321 | D:4      | Noticed tonywhite87's ghost (amateur GrFi)
  7337 | D:4      | Found a hazy altar of Hepliaklqana.
  7717 | D:4      | Learned a level 3 spell: Mephitic Cloud
  7746 | D:4      | Reached XP level 7. HP: 41/41 MP: 7/13
  8176 | D:4      | Found an ancient bone altar of Kikubaaqudgha.
  8411 | D:5      | Entered Level 5 of the Dungeon
  8571 | D:5      | Reached skill level 1 in Fighting
  8571 | D:5      | Reached skill level 1 in Hexes
  8883 | D:5      | Found a hide-covered altar of Uskayaw.
  9309 | D:5      | Found a shimmering altar of Xom.
  9463 | D:5      | Found a glowing golden altar of the Shining One.
 10069 | D:5      | Reached XP level 8. HP: 41/52 MP: 7/15
 10143 | D:5      | Found a staircase to the Ecumenical Temple.
 10190 | Temple   | Entered the Ecumenical Temple
 10258 | Temple   | Became a worshipper of Ashenzari the Shackled
 10322 | D:5      | Found an ornate altar of the Wu Jian Council.
 10517 | D:5      | Found a sacrificial altar of Ru.
 11302 | D:5      | Found a shimmering altar of Xom.
 11968 | D:6      | Noticed Eustachio
 11978 | D:6      | Killed Eustachio
 12199 | D:6      | Reached skill level 5 in Fighting
 12663 | D:6      | Reached skill level 8 in Spellcasting
 12663 | D:6      | Reached XP level 9. HP: 70/70 MP: 15/21
 12664 | D:6      | Reached XP level 10. HP: 76/76 MP: 15/22
 12803 | D:7      | Reached * piety under Ashenzari
 12881 | D:7      | Reached skill level 10 in Fighting
 12957 | D:7      | Reached XP level 11. HP: 73/81 MP: 15/23
 12973 | D:7      | Reached skill level 5 in Fire Magic
 13067 | D:7      | Found a flagged portal.
 13207 | Bailey   | Entered a bailey
 13749 | Bailey   | Noticed an orc knight
 13898 | Bailey   | Killed an orc knight
 14870 | D:7      | Noticed Harold
 14874 | D:7      | Found a glowing silver altar of Zin.
 14923 | D:7      | Reached skill level 5 in Conjurations
 15854 | D:8      | Noticed a two-headed ogre
 15871 | D:8      | Noticed Psyche
 15908 | D:8      | Noticed a two-headed ogre
 15917 | D:8      | Killed a two-headed ogre
 16157 | D:8      | Killed a two-headed ogre
 16776 | D:8      | Killed Psyche
 17305 | D:8      | Found a burning altar of Makhleb.
 17306 | D:8      | Found a shimmering altar of Xom.
 17795 | D:8      | Reached skill level 1 in Evocations
 17867 | D:8      | Learned a level 5 spell: Iskenderun's Battlesphere
 18133 | D:8      | Found a staircase to the Lair.
 18160 | D:8      | Reached skill level 1 in Charms
 18441 | D:9      | Noticed a two-headed ogre
 18470 | D:9      | Killed a two-headed ogre
 18990 | D:9      | Noticed a moth of wrath
 18993 | D:9      | Found a bloodstained altar of Trog.
 19065 | D:9      | Reached XP level 12. HP: 70/87 MP: 20/24
 19509 | D:9      | Found Haushriz's Armour Boutique.
 19514 | D:9      | Bought a cursed +0 buckler for 18 gold pieces
 19762 | Lair:1   | Entered Level 1 of the Lair of Beasts
 19971 | Lair:1   | Reached ** piety under Ashenzari
 20045 | Lair:1   | Reached skill level 5 in Charms
 21834 | Lair:2   | Noticed an eight-headed hydra
 21996 | Lair:2   | Killed an eight-headed hydra
 22057 | Lair:2   | Found a staircase to the Snake Pit.
 22347 | Lair:2   | Reached skill level 9 in Spellcasting
 22428 | Lair:2   | Reached *** piety under Ashenzari
 23531 | Lair:3   | Learned a level 7 spell: Orb of Destruction
 24165 | Lair:3   | Noticed a seven-headed hydra
 24171 | Lair:3   | Killed a seven-headed hydra
 24435 | Lair:3   | Got the hand axe "Eddoawep" {chop, rN+ Dex+5 Stlth-}
 25155 | Lair:3   | Reached skill level 10 in Spellcasting
 25275 | Lair:3   | Reached XP level 13. HP: 78/95 MP: 27/27
 26723 | Lair:4   | Reached **** piety under Ashenzari
 26764 | Lair:4   | HP: 2/96 [yak (17)]
 27573 | Lair:4   | Reached skill level 11 in Spellcasting
 28534 | Lair:5   | Killed Urug
 29273 | Lair:5   | Reached skill level 12 in Spellcasting
 29356 | Lair:5   | Found a staircase to the Slime Pits.
 30137 | D:10     | Entered Level 10 of the Dungeon
 30141 | D:10     | Got the dagger "Iphiw" {pierce, Int+4 Dex+2}
 30220 | D:7      | Killed Harold
 30633 | D:10     | Got the cursed lajatang "Kuptunk" {freeze, +Fly rPois rF-
                  | Stlth+}
 32468 | D:11     | Found a portal to a secret trove of treasure.
 32709 | D:10     | Reached XP level 14. HP: 102/102 MP: 8/30
 33581 | D:12     | Reached ***** piety under Ashenzari
 33587 | D:12     | Found a staircase to the Orcish Mines.
 35382 | D:12     | Noticed Erolcha
 35449 | D:12     | Killed Erolcha
 36091 | D:13     | Identified a scroll of acquirement
 36094 | D:13     | Found the cursed +0 mask of the Dragon {MR+ Slay+3 SInv}
 36164 | D:13     | HP: 5/102 [manticore (9)]
 37408 | Lair:6   | Entered Level 6 of the Lair of Beasts
 37544 | Lair:6   | Reached skill level 5 in Dodging
 39233 | Lair:6   | Noticed a dire elephant
 40675 | Lair:6   | Killed a dire elephant
 40859 | Lair:6   | Learned a level 6 spell: Iron Shot
 41194 | Lair:6   | Reached skill level 10 in Conjurations
 41292 | Lair:6   | Found the +10 large shield of Ignorance {rN+ Int-4}
 42193 | D:13     | Reached skill level 1 in Earth Magic
 43248 | D:13     | Reached XP level 15. HP: 108/108 MP: 31/31
 43396 | D:13     | Found a gate to the Vaults.
 43631 | D:14     | Found a frozen archway.
 44035 | D:14     | Slain by a cyan ugly thing

Levels and vault maps discovered:
D:1:      dpeg_arrival_stonehenge_8_columns, layout_loops_ring
D:2:      layout_loops_ring
D:3:      layout_loops_corners, gup_sewer_entry_bubbles, roderic_roman_lattice
D:4:      layout_cave_pods, nicolae_overflow_hidden_temple,
          lemuel_coloured_pillars_altar, serial_shops, kennysheep_mini_moat,
          enter_ossuary_5, gammafunk_ghost_grave, first_ration,
          bh_walls_and_bars
D:5:      minmay_skewed_foursquare, layout_loops_ring, nicolae_ru_awakened_eye,
          eat_drink_and_be_merry_uskayaw, kennysheep_mini,
          overflow_temple_1_default, temple_hall, dk_xom_monty_hall
D:6:      layout_basic, minmay_unpleasant_kobolds, uniq_eustachio
D:7:      layout_cave_pools, old_standard_altar, enter_bailey_8,
          grunt_livestock, uniq_harold
D:8:      cheibrodos_fzero, layout_basic,
          grunt_temple_overflow_champion_of_chaos, david_lair_shrubbed,
          uniq_psyche
D:9:      layout_roguey, serial_shops, kennysheep_little_box, tgw_trog
D:10:     layout_irregular_city
D:11:     layout_basic, enter_trove_2, minmay_misc_feat_encased
D:12:     kennysheep_bubbly, layout_basic, minmay_orc_entry_guard_dogs,
          uniq_erolcha
D:13:     layout_loops_corners, david_vaults_1
D:14:     layout_irregular_city, portal_ice_cave_entry_pillars_2,
          wad_floor_pattern_1
Temple:   oiseaux_autumnal_temple
Lair:1:   layout_roguey, serial_bayou, serial_bayou_lagoon_a,
          serial_bayou_pond_a, serial_bayou_lagoon_b, serial_bayou_pond_e,
          serial_bayou_ford_a
Lair:2:   layout_cave_shapes, minmay_snake_entry_guardpost_small
Lair:3:   layout_gridlike, nicolae_swamp_entry_splash_gauntlet
Lair:4:   layout_long_grid, nicolae_volcano_entry_two_sided,
          serial_bayou_shore_a, grunt_megastairs_1, lemuel_fruit_tree
Lair:5:   layout_hall_layers, nicolae_slime_entry_slimehenge,
          minmay_lair_oklob_chamber, uniq_urug
Lair:6:   gammafunk_lair_ancient_temple, layout_regular_city

Skill      XL: |  1  2  3  4  5  6  7  8  9 10 11 12 13 14 15 |
---------------+----------------------------------------------+-----
Fire Magic     | 1 2 4 5 |  5.1
Conjurations   | 2 3 7 9 10 | 10.2
Spellcasting   | 4 8 10 12 | 12.1
Summonings     | 2 |  2.8
Translocations | 2 |  2.7
Fighting       | 3 9 10 11 | 11.6
Hexes          | 3 4 |  4.0
Stealth        | 9 |  9.2
Shields        | 6 7 9 |  9.8
Poison Magic   | 3 |  3.0
Evocations     | 1 |  1.0
Charms         | 3 6 |  6.6
Dodging        | 7 |  7.1
Earth Magic    | 3 4 |  4.1

Action                   |  1- 3 |  4- 6 |  7- 9 | 10-12 | 13-15 || total
-------------------------+-------+-------+-------+-------+-------++-------
Melee: Unarmed           |    18 |       |       |       |       ||    18
       Constrict         |    13 |    18 |    22 |    46 |    42 ||   141
       Tentacles         |     4 |    11 |    17 |    50 |    73 ||   155
       Spear             |    18 |    86 |     2 |     2 |       ||   108
       Staff             |       |     6 |       |       |     8 ||    14
       Long sword        |       |       |    60 |   225 |   240 ||   525
       Whip              |       |       |     7 |       |       ||     7
       Halberd           |       |       |       |    42 |       ||    42
Throw: Boomerang         |       |       |       |     1 |     2 ||     3
 Cast: Magic Dart        |    79 |   173 |   147 |   577 |   821 ||  1797
       Call Imp          |     6 |    36 |    29 |     4 |       ||    75
       Blink             |       |     1 |     1 |     9 |    21 ||    32
       Conjure Flame     |       |     6 |       |    35 |    21 ||    62
       Slow              |       |       |    10 |    39 |    40 ||    89
       Mephitic Cloud    |       |       |       |    19 |    37 ||    56
       Iskenderun's Batt |       |       |       |    32 |   100 ||   132
       Orb of Destructio |       |       |       |       |     4 ||     4
Invok: Curse Item        |       |       |       |     5 |     1 ||     6
  Use: Scroll            |       |     8 |     4 |     4 |    11 ||    27
       Potion            |       |     1 |     4 |     1 |     4 ||    10
 Stab: Sleeping          |     2 |     2 |       |     5 |     3 ||    12
       Distracted        |       |     1 |       |       |     1 ||     2
       Confused          |       |       |       |     2 |     4 ||     6
  Eat: Chunk             |     4 |    14 |     7 |    33 |    46 ||   104
       Ration            |       |     1 |     2 |     4 |     7 ||    14
Armor: Skin              |     1 |     4 |    18 |    43 |    32 ||    98
Dodge: Dodged            |    30 |    75 |    69 |   232 |   279 ||   685
Block: Buckler           |       |       |       |    40 |   140 ||   180
       Rpst.: Long sword |       |       |    17 |    53 |    52 ||   122
